 Dungeon Crawl Stone Soup version 0.31-a0-705-ga145531891 (webtiles) character file.

Game seed: 9775672433110682159

3384 Darius099 the Severer (level 9, -4/108 HPs)
             Began as a Minotaur Fighter on Sept 9, 2023.
             Was a Priest of Okawaru.
             Slain by a seven-headed hydra (10 damage)
             ... on level 8 of the Dungeon.
             The game lasted 00:31:56 (6718 turns).

Darius099 the Severer (Minotaur Fighter)            Turns: 6718, Time: 00:31:56

Health: -4/108     AC: 24    Str: 24    XL:     9   Next: 74%
Magic:  0/8        EV:  2    Int:  7    God:    Okawaru [***...]
Gold:   419        SH:  4    Dex: 11    Spells: 8/8 levels left

rFire   . . .        q - +8 spear "Vemnuati" {pain, Fly rN+ Int+2}
rCold   . . .        c - +0 buckler
rNeg    + + .        k - melded +0 chain mail
rPois   +            (helmet currently unavailable)
rElec   .            (cloak currently unavailable)
rCorr   .            l - melded +0 pair of gloves
SInv    .            b - melded +0 pair of boots
Will    .....        x - amulet of guardian spirit
Stlth   +            p - ring of positive energy
HPRegen 0.38/turn    (no ring)
MPRegen 0.11/turn

%: guardian spirit
@: mighty, tree-form
A: stationary, stasis, torment immunity, boosted hp, (horns 2), (retaliatory
headbutt)
a: Renounce Religion, Heroism


You were on level 8 of the Dungeon.
You worshipped Okawaru.
Okawaru was most pleased with you.
You were a tree.
You visited 2 branches of the dungeon, and saw 9 of its levels.

You collected 419 gold pieces.

Inventory:

Hand Weapons
 a - a +0 war axe
 q - the +8 spear "Vemnuati" (weapon) {pain, Fly rN+ Int+2}
   (You found it on level 3 of the Dungeon)

   Int+2:     It affects your intelligence (+2).
   rN+:       It protects you from negative energy.
   Fly:       It grants you flight.
Armour
 b - a +0 pair of boots (melded)
 c - a +0 buckler (worn)
 k - a +0 chain mail (melded)
 l - a +0 pair of gloves (melded)
Jewellery
 p - a ring of positive energy (left branch)
 v - a ring of ice
 x - an amulet of guardian spirit (around neck)
Wands
 D - a wand of digging (3)
 G - a wand of roots (7)
Scrolls
 e - 2 scrolls of immolation {unknown}
 f - a scroll of brand weapon {unknown}
 g - 3 scrolls of noise {unknown}
 h - 3 scrolls of identify
 m - 2 scrolls of revelation {unknown}
 n - a scroll of fog {unknown}
 u - 3 scrolls of poison {unknown}
 y - a scroll of fear {unknown}
 z - a scroll of torment {unknown}
 B - a scroll of teleportation {unknown}
 C - a scroll of amnesia {unknown}
 F - a scroll of enchant weapon {unknown}
Potions
 i - 3 potions of mutation
 j - 2 potions of enlightenment {unknown}
 o - 2 potions of curing
 r - 2 potions of heal wounds {unknown}
 s - a potion of brilliance {unknown}
 t - 2 potions of cancellation {unknown}
 w - 2 potions of ambrosia {unknown}


   Skills:
 + Level 4.3 Fighting
 - Level 16.0 Axes
 + Level 4.3 Armour
 - Level 3.6 Shields


You had 8 spell levels left.
You didn't know any spells.
Your spell library contained the following spells:

 Spells                   Type           Power      Damage    Failure   Level
 Slow                     Hex            0%         N/A       50%         1
 Confusing Touch          Hex            0%         N/A       86%         3
 Frozen Ramparts          Ice            0%         1d1       86%         3
 Sigil of Binding         Hex            0%         N/A       86%         3
 Vampiric Draining        Necr           0%         2d6       86%         3
 Petrify                  Tmut/Erth      0%         N/A       99%         4
 Metabolic Englaciation   Hex/Ice        0%         N/A       100%        5


Dungeon Overview and Level Annotations

Branches:
Dungeon (8/15)             Temple (1/1) D:5
   Lair: D:8-11

Altars:
Ashenzari
Cheibriados
Dithmenos
Elyvilon
Fedhas
Gozag
Hepliaklqana
Kikubaaqudgha
Nemelex Xobeh
Okawaru
Qazlal
Ru
Sif Muna
Trog
Uskayaw
Vehumet
Wu Jian
Xom
Yredelemnul
Zin
The Shining One

Shops:
D:8 [


Innate Abilities, Weirdness & Mutations

You are a tree.
Your roots penetrate the ground, keeping you stationary.
You cannot be teleported.
You are immune to unholy pain and torment.
Your maximum health is greatly increased.
Your equipment is partially melded.
((You have a pair of horns on your head.))
((You reflexively headbutt those who attack you in melee.))


Message History

The centaur warrior kicks you but does no damage.
You puncture the centaur warrior!
The centaur warrior is severely wounded.
The centaur warrior closely misses you. x2
You puncture the centaur warrior!
The centaur warrior is almost dead.
The centaur warrior hits you. The centaur warrior barely misses you.
You puncture the centaur warrior!
You kill the centaur warrior!
Okawaru is honoured by your kill.
Okawaru will now gift you throwing weapons as you gain piety.
Training target 16.0 for Axes reached!
Your Axes skill increases to level 16!
You need to enable at least one skill for training.
Your Fighting skill increases to level 4!
Your Armour skill increases to level 4!
You drop a +0 war axe.
The kobold brigand hits you with a +0 club.
You feel better.
You barely miss the seven-headed hydra.
The deep elf pyromancer casts a spell.
The deep elf pyromancer blinks!
You puncture the seven-headed hydra! You headbutt the seven-headed hydra!
The seven-headed hydra is moderately wounded.
The seven-headed hydra barely misses you.
The seven-headed hydra bites you! x2
* * * LOW HITPOINT WARNING * * *
The seven-headed hydra bites you.
* * * LOW HITPOINT WARNING * * *
The seven-headed hydra barely misses you.
The seven-headed hydra bites you!
* * * LOW HITPOINT WARNING * * *
The seven-headed hydra bites you but does no damage.
Okay, then.
It was a potion of lignification.
You turn into a tree.
Your +0 pair of gloves melds into your body.
Your +0 pair of boots melds into your body.
Your +0 chain mail melds into your body.
Your roots penetrate the ground.
The seven-headed hydra bites you!
You die...

.##..#.#..## ##.#
##..#...#..###..#
#..#..#..#..#..# .#
#.#))#.#..#.#..# .##
.#.)#...#..#...# #..#
#.#..#.#..#.#..## ...
#..#..#..#..#...# ..#
##..#...#..###..##..#
.##..#.#..## ##.♣#K#
..##..#..## ##.D9#
#..###.### ###O#
..##..#. Q# .##.## ..
##. .## # D# # 9Q .


8e You could see a seven-headed hydra, a tengu warrior, a two-headed ogre and a
gargoyle.

Vanquished Creatures
  A centaur warrior (D:8)
  A wyvern (D:7)
  Duvessa (D:5)
  A water moccasin (D:5)
  A sky beast (D:7)
  An ice beast (D:6)
  A black bear (D:5)
  A centaur (D:7)
  A phantom (D:4)
  2 kobold brigands
  2 wyvern zombies (D:7)
  5 scorpions
  A water moccasin zombie (D:7)
  Dowan (D:5)
  6 killer bees
  3 howler monkeys
  A bullfrog zombie (D:7)
  A centaur zombie (D:7)
  A jelly (D:7)
  4 hounds
  3 orc priests
  A sleepcap (D:5)
  Terence (D:2)
  7 iguanas
  3 orc wizards
  3 killer bee zombies (D:7)
  8 adders
  3 gnolls (D:3)
  A shadow imp (D:7)
  2 white imps (D:6)
  3 ufetubi
  3 worms (D:2)
  3 dart slugs
  19 orcs
  5 ball pythons
  10 endoplasms
  2 giant cockroaches
  10 goblins
  8 hobgoblins
  11 jackals
  3 quokkas
  10 bats
  3 frilled lizards
  17 kobolds
  3 rats
178 creatures vanquished.

Notes
Turn   | Place    | Note
-------+----------+-------------------------------------------
     0 | D:1      | Darius099 the Minotaur Fighter began the quest for the Orb.
     0 | D:1      | Reached XP level 1. HP: 19/19 MP: 0/0
    45 | D:1      | Reached skill level 3 in Axes
    94 | D:1      | Reached XP level 2. HP: 26/26 MP: 1/1
   436 | D:1      | Found a faded altar of an unknown god.
   763 | D:1      | Reached skill level 4 in Axes
  1006 | D:2      | Reached XP level 3. HP: 31/31 MP: 2/2
  1134 | D:2      | Reached skill level 5 in Axes
  1193 | D:2      | Noticed Terence
  1201 | D:2      | Killed Terence
  1202 | D:2      | Reached XP level 4. HP: 38/39 MP: 3/3
  1715 | D:3      | Reached skill level 6 in Axes
  1969 | D:3      | Reached XP level 5. HP: 45/45 MP: 4/4
  2086 | D:3      | Identified the +8 spear "Vemnuati" {pain, Fly rN+ Int+2}
  2520 | D:4      | Reached skill level 7 in Axes
  2547 | D:4      | Reached XP level 6. HP: 41/51 MP: 5/5
  2559 | D:4      | Reached skill level 8 in Axes
  3053 | D:4      | Reached skill level 9 in Axes
  3065 | D:4      | Found a bloodstained altar of Trog.
  3465 | D:4      | Found a white marble altar of Elyvilon.
  3733 | D:5      | Entered Level 5 of the Dungeon
  3733 | D:5      | Found a staircase to the Ecumenical Temple.
  3735 | D:5      | Noticed Dowan
  3736 | D:5      | Noticed Duvessa
  3746 | D:5      | Killed Duvessa
  3747 | D:5      | Reached XP level 7. HP: 48/57 MP: 6/6
  3754 | D:5      | Killed Dowan
  3813 | D:5      | Reached skill level 10 in Axes
  4028 | Temple   | Entered the Ecumenical Temple
  4046 | Temple   | Became a worshipper of Warmaster Okawaru
  4129 | D:5      | Reached skill level 11 in Axes
  4129 | D:5      | Reached XP level 8. HP: 43/64 MP: 7/7
  4236 | D:5      | Found a stormy altar of Qazlal.
  4340 | D:5      | Identified the +1 ring mail of Cefugaon {rF- Int+3 Dex+2}
  4402 | D:5      | Found a hazy altar of Hepliaklqana.
  4595 | D:6      | Reached skill level 12 in Axes
  4681 | D:6      | Reached * piety under Okawaru
  5319 | D:6      | Reached skill level 13 in Axes
  5779 | D:7      | Reached ** piety under Okawaru
  5780 | D:7      | Reached XP level 9. HP: 70/70 MP: 8/8
  5828 | D:7      | Reached skill level 14 in Axes
  5864 | D:7      | Found a basalt altar of Yredelemnul.
  6105 | D:7      | Reached skill level 15 in Axes
  6569 | D:8      | Found Qegiutof's Armour Shoppe.
  6698 | D:8      | Noticed a centaur warrior
  6698 | D:8      | Noticed a seven-headed hydra
  6698 | D:8      | Noticed a tengu warrior
  6698 | D:8      | Noticed a deep elf pyromancer
  6698 | D:8      | Noticed a gargoyle
  6707 | D:8      | Noticed a two-headed ogre
  6713 | D:8      | Killed a centaur warrior
  6713 | D:8      | Reached *** piety under Okawaru
  6714 | D:8      | Reached skill level 16 in Axes
  6718 | D:8      | Slain by a seven-headed hydra

Illustrated notes

Levels and vault maps discovered:
D:1:      spicycebolla_arrival_xxxplode, layout_basic,
          chequers_ecumenical_altar_grove, hex_intersection,
          minmay_tiny_reverse_x
D:2:      minmay_recursive_quarters, layout_rooms, grunt_ministairs_13,
          amcnicky_mini_rare_corridor_liquid, uniq_terence
D:3:      layout_loops_corners, minmay_misc_feat_doors
D:4:      layout_layer_cave, nicolae_elyvilon_peaceful_grove, marbit_many_paths,
          minmay_misc_feat_rows
D:5:      layout_basic, grunt_qazlal_clouds, worldfamousw_hep_ancestral_shrine,
          minmay_temple_entry_sparse_star, uniq_duvessa
D:6:      layout_cave_pods
D:7:      layout_loops_ring, nicolae_yredelemnul_corpse_copse
D:8:      minmay_the_grid_octo_2x2 [minmay_the_grid_octo_odd_swirl,
          minmay_the_grid_octo_thin_diamonds,
          minmay_the_grid_octo_checkerflower,
          minmay_the_grid_octo_prize_square_snowflake], layout_basic,
          serial_shops, shop, reono_crystal_passage
Temple:   compressed_dpeg_triangle_lava_temple

Skill      XL: |  1  2  3  4  5  6  7  8  9 |
---------------+----------------------------+-----
Axes           | 3 4 5 6 7 9 11 13 16 | 16.0
Fighting       | 4 |  4.3
Armour         | 4 |  4.3
Shields        | |  3.6

Action                     |  1- 3 |  4- 6 |  7- 9 || total
---------------------------+-------+-------+-------++-------
  Melee: War axe           |    90 |    30 |       ||   120
         Headbutt          |     9 |    10 |    54 ||    73
         Spear             |       |   109 |   252 ||   361
    Use: Scroll            |       |       |     3 ||     3
         Potion            |       |       |     3 ||     3
 Armour: Scale mail        |    73 |       |       ||    73
         Chain mail        |       |    84 |   171 ||   255
         Skin              |       |       |     1 ||     1
  Dodge: Dodged            |    46 |    40 |    79 ||   165
  Block: Buckler           |    28 |    30 |    45 ||   103

Table legend: (Time is in decaauts)
 A = Elapsed time spent in this place.
 B = Non-inter-level travel time spent in this place.
 C = Inter-level travel time spent in this place.
 D = Time resting spent in this place.
 E = Time spent auto-exploring this place.
 F = Levels seen in this place.
 G = Mean time per level.
                   A        B        C        D        E       F      G
               +--------+--------+--------+--------+--------+-----+--------+
         Total |   6669 |   6609 |     60 |    717 |   2550 |   9 |  741.0 |
       Dungeon |   6634 |   6574 |     60 |    717 |   2550 |   8 |  829.2 |
        Temple |     34 |     34 |      0 |      0 |      0 |   1 |   34.0 |
               +--------+--------+--------+--------+--------+-----+--------+

Top non-repeatable levels by time:
     D:4: 1292 daAuts
     D:6: 1214 daAuts
     D:1: 925 daAuts
     D:3: 866 daAuts
     D:7: 825 daAuts
     D:5: 682 daAuts
     D:2: 674 daAuts
     D:8: 153 daAuts
  Temple: 34 daAuts
